 Dungeon Crawl Stone Soup version 0.21.1-1-g345015f (webtiles) character file.

13438 zishaf the Fighter (level 12, -2/99 (101) HPs)
             Began as a Ghoul Fighter on May 18, 2018.
             Was a Priest of Hepliaklqana.
             Slain by a large slime creature (32 damage)
             ... on level 10 of the Dungeon.
             The game lasted 00:23:27 (9570 turns).

zishaf the Fighter (Ghoul Fighter)                  Turns: 9570, Time: 00:23:28

HP:   -2/99 (101)   AC: 18    Str: 22    XL:     12   Next: 6%
MP:   11/11         EV:  5    Int:  3    God:    Hepliaklqana [***...]
Gold: 546           SH: 12    Dex: 16    Spells: 11/11 levels left

rFire    + . .     SeeInvis .     - Unarmed
rCold    + . .     Gourm    .   b - +0 shield
rNeg     + + +     Faith    .   r - +0 plate armour
rPois    ∞         Spirit   .   y - +2 helmet
rElec    .         Reflect  .   (no cloak)
rCorr    .         Harm     .   D - +0 pair of gloves
MR       .....                  (no boots)
Stlth    ..........             (no amulet)
HPRegen  0.00/turn              n - ring of protection from fire
MPRegen  0.12/turn              H - +5 ring of dexterity

@: rotting
A: rotting body, reduced essence, claws 1, carnivore, cold resistance 1,
negative energy resistance 3, inhibited regeneration, torment resistance,
unbreathing
a: Recall Ancestor, Ancestor Identity, Transference, Renounce Religion


You were on level 10 of the Dungeon.
You worshipped Hepliaklqana.
Hepliaklqana was most pleased with you.
You were not hungry.

You visited 1 branch of the dungeon, and saw 11 of its levels.

You collected 546 gold pieces.

Inventory:

Hand Weapons
 a - the +5 trident "Adalu" {pierce, rElec}
   (You found it on level 7 of the Dungeon)

   It inflicts extra damage upon your enemies.
   It insulates you from electricity.
Armour
 b - a +0 shield (worn)
 r - a +0 plate armour (worn)
 y - a +2 helmet (worn)
 D - a +0 pair of gloves (worn)
Jewellery
 n - a ring of protection from fire (left hand)
 v - an uncursed ring of protection from fire
 F - a +4 ring of dexterity
 H - a +5 ring of dexterity (right hand)
Wands
 C - a wand of acid (4)
 E - a wand of digging (7)
Scrolls
 g - 2 scrolls of amnesia {unknown}
 j - a scroll of magic mapping {unknown}
 l - 6 scrolls of remove curse
 m - a scroll of immolation {unknown}
 p - 3 scrolls of teleportation {unknown}
 x - a scroll of enchant weapon {unknown}
 z - a scroll of random uselessness {unknown}
 B - a scroll of brand weapon {unknown}
 G - a scroll of blinking {unknown}
Potions
 c - a potion of might
 e - 4 potions of heal wounds
 f - 3 potions of magic
 h - 4 potions of curing
 i - a potion of ambrosia {unknown}
 q - a potion of flight
 t - 3 potions of agility
 u - a potion of brilliance
 A - a potion of degeneration
 I - a potion of invisibility
Books
 o - a book of Necromancy

   Spells                             Type                      Level
   a - Pain                           Necromancy                   1
   b - Animate Skeleton               Necromancy                   1
   c - Vampiric Draining              Necromancy                   3
   d - Regeneration                   Charms/Necromancy            3
   e - Animate Dead                   Necromancy                   4
   f - Borgnjor's Vile Clutch         Necromancy/Earth             5
Comestibles
 d - 21 rations


   Skills:
 * Level 12.9 Fighting
 + Level 8.1 Armour
 + Level 8.1 Shields
 + Level 10.6 Unarmed Combat


You had 11 spell levels left.
You didn't know any spells.

Dungeon Overview and Level Annotations

Branches:
Dungeon (11/15)            Temple (0/1) D:5             Orc (0/2) D:9
   Lair: D:8-11

Altars:
Elyvilon
Fedhas
Hepliaklqana
Kikubaaqudgha
Uskayaw
Wu Jian
Xom
Zin

Shops:
D:6 %


Innate Abilities, Weirdness & Mutations

Your body is rotting away.
You thrive on raw meat.
You are immune to poison.
You have sharp fingernails.
You are carnivorous and can eat meat at any time.
Your flesh is cold resistant. (rC+)
You are immune to negative energy. (rN+++)
You do not regenerate when monsters are visible.
You are immune to unholy pain and torment.
You can survive without breathing.
Your life essence is reduced to manifest your ancestor. (-10% HP)


Message History

The large slime creature is severely wounded.
The large slime creature closely misses you.
Your plate armour prevents you from hitting the large slime creature.
The large slime creature is severely wounded.
The large slime creature hits you but does no damage.
You hit the large slime creature but do no damage.
The large slime creature is severely wounded.
The large slime creature hits you!
You punch the large slime creature!
The large slime creature is severely wounded.
You hit the large slime creature but do no damage.
The large slime creature is severely wounded.
The large slime creature hits you!!
Your plate armour prevents you from hitting the large slime creature.
The large slime creature is severely wounded.
The large slime creature hits you!!
You hit the large slime creature.
The large slime creature is almost dead.
The large slime creature hits you!!
You die...

#... ### #... #.###
#... #...# #...
#.#.################...
#...J..................
#.#.################...
#(#.###### ##.#
#>...J@..## #.#
###.####..# #.# #.#
##.###### #.#
#.#####......# #(#
#............# #.#
########.....# #.#
#.....# #.#
############ #...###
#.# #..........# #.#.#
#.#


You could see a large slime creature.

Vanquished Creatures
  A centaur warrior (D:9)
  A two-headed ogre (D:9)
  An unseen horror (D:10)
  An ugly thing (D:9)
  A hornet (D:8)
  2 trolls
  3 slime creatures (D:10)
  2 hippogriffs
  16 yaks
  A wyvern (D:10)
  A human (D:7)
  A hog (D:7)
  The ghost of Gorggeron the Covered, an amateur GrFi (D:3)
  An acid dragon (D:9)
  3 orc warriors
  2 phantoms
  An eye of draining (D:9)
  2 ice beasts
  A sky beast (D:8)
  2 black bears
  2 ogres
  6 centaurs
  3 big kobolds
  A gnoll sergeant (D:9)
  7 bullfrogs
  4 scorpions
  9 killer bees
  A howler monkey (D:10)
  3 wights (D:7)
  2 bullfrog zombies
  5 crimson imps
  2 quasits
  6 orc priests
  4 hounds
  4 jellies
  12 orc wizards
  A bullfrog skeleton (D:10)
  3 worker ants
  2 hound skeletons (D:8)
  A worker ant zombie (D:5)
  Robin (D:3)
  14 gnolls
  11 adders
  4 shadow imps
  An ooze (D:2)
  An adder skeleton (D:7)
  3 worms
  A dart slug (D:3)
  A leopard gecko (D:5)
  31 orcs
  8 giant cockroaches
  20 goblins
  8 hobgoblins
  10 jackals
  4 quokkas
  14 bats
  5 frilled lizards
  A jackal zombie (D:5)
  22 kobolds
  10 rats
292 creatures vanquished.

Vanquished Creatures (collateral kills)
  The ghost of grumblor the Marksspriggan, a journeyman SpHu of Gozag (D:10)
  A troll (D:9)
  A hippogriff (D:8)
  A yak (D:9)
  2 hogs (D:7)
  An orc warrior (D:9)
  2 ice beasts (D:7)
  A centaur (D:10)
  A big kobold (D:10)
  A scorpion (D:6)
  A killer bee (D:7)
  3 crimson imps
  A jelly (D:9)
  An orc priest (D:5)
  2 orc wizards
  An iguana (D:5)
  A worker ant (D:5)
  A howler monkey zombie (D:5)
  A gnoll (D:9)
  An adder skeleton (D:9)
  A leopard gecko (D:9)
  9 orcs
  3 jackals (D:6)
  2 kobolds
  A leopard gecko skeleton (D:5)
41 creatures vanquished.

Vanquished Creatures (others)
  2 hexers (D:10)
  4 ancestors
6 creatures vanquished.

Grand Total: 339 creatures vanquished

Notes
Turn   | Place    | Note
-------+----------+-------------------------------------------
     0 | D:1      | zishaf the Ghoul Fighter began the quest for the Orb.
     0 | D:1      | Reached XP level 1. HP: 19/19 MP: 0/0
   255 | D:1      | Reached XP level 2. HP: 21/26 MP: 1/1
   757 | D:1      | Reached XP level 3. HP: 23/31 MP: 2/2
  1050 | D:2      | Reached XP level 4. HP: 24/38 MP: 3/3
  1067 | D:2      | Reached skill level 5 in Unarmed Combat
  1827 | D:3      | Reached XP level 5. HP: 45/45 MP: 4/4
  2532 | D:3      | Noticed Robin
  2583 | D:3      | Killed Robin
  2635 | D:3      | Reached XP level 6. HP: 38/51 MP: 5/5
  2956 | D:3      | Noticed Gorggeron's ghost (amateur GrFi)
  2978 | D:3      | Killed Gorggeron's ghost
  3274 | D:4      | Reached XP level 7. HP: 44/57 MP: 6/6
  3706 | D:4      | Found a hazy altar of Hepliaklqana.
  3706 | D:4      | Found an ancient bone altar of Kikubaaqudgha.
  3710 | D:4      | Became a worshipper of Hepliaklqana the Forgotten
  4002 | D:5      | Entered Level 5 of the Dungeon
  4052 | D:5      | Found a hide-covered altar of Uskayaw.
  4203 | D:5      | Found a staircase to the Ecumenical Temple.
  4375 | D:5      | Reached skill level 10 in Unarmed Combat
  4375 | D:5      | Reached XP level 8. HP: 52/56 MP: 7/7
  4488 | D:5      | Reached * piety under Hepliaklqana
  4499 | D:5      | Reached skill level 4 in Fighting
  4918 | D:6      | Reached skill level 5 in Fighting
  5108 | D:6      | Found Deudduurr's Food Shop.
  5346 | D:6      | Reached XP level 9. HP: 59/67 MP: 8/8
  5374 | D:6      | Reached skill level 6 in Fighting
  5634 | D:7      | Got a slimy trident
  5662 | D:7      | Reached skill level 7 in Fighting
  6177 | D:7      | Reached skill level 8 in Fighting
  6177 | D:7      | Reached skill level 5 in Armour
  6177 | D:7      | Reached skill level 5 in Shields
  6234 | D:7      | Reached XP level 10. HP: 57/81 MP: 9/9
  6268 | D:7      | Identified the +5 trident "Adalu" {pierce, rElec} (You found it on level 7 of the Dungeon)
  6328 | D:7      | Reached ** piety under Hepliaklqana
  6329 | D:7      | Remembered your ancestor Xolani as a hexer
  6457 | D:7      | Reached skill level 9 in Fighting
  6588 | D:8      | Found a glowing silver altar of Zin.
  6589 | D:8      | Found a white marble altar of Elyvilon.
  6590 | D:8      | Found an ornate altar of the Wu Jian Council.
  6955 | D:8      | Reached skill level 10 in Fighting
  6990 | D:8      | Found a shimmering altar of Xom.
  7271 | D:9      | Found a staircase to the Orcish Mines.
  7345 | D:9      | Found a blossoming altar of Fedhas.
  7537 | D:9      | Reached *** piety under Hepliaklqana
  7690 | D:9      | Noticed a two-headed ogre
  7703 | D:9      | Reached skill level 11 in Fighting
  7703 | D:9      | Reached XP level 11. HP: 87/91 MP: 10/10
  7709 | D:9      | Killed a two-headed ogre
  7721 | D:9      | Noticed a centaur warrior
  7754 | D:9      | Killed a centaur warrior
  7825 | D:9      | Noticed a purple ugly thing
  7842 | D:9      | Killed a purple ugly thing
  8011 | D:9      | Reached skill level 12 in Fighting
  8113 | D:10     | Entered Level 10 of the Dungeon
  8173 | D:10     | Killed an unseen horror
  8525 | D:10     | Noticed grumblor's ghost (journeyman SpHu)
  8573 | D:10     | Killed grumblor's ghost
  9093 | D:10     | Reached XP level 12. HP: 85/101 MP: 8/11
  9570 | D:10     | Slain by a large slime creature

Skill      XL: |  1  2  3  4  5  6  7  8  9 10 11 |
---------------+----------------------------------+-----
Unarmed Combat | 3 4 5 6 8 10 | 10.6
Fighting       | 5 8 11 12 | 12.9
Armour         | 3 5 6 8 |  8.1
Shields        | 3 5 6 8 |  8.1

Action                   |  1- 3 |  4- 6 |  7- 9 | 10-12 || total
-------------------------+-------+-------+-------+-------++-------
Melee: Unarmed           |   107 |   245 |   395 |   617 ||  1364
Invok: Recall Ancestor   |       |       |     1 |     1 ||     2
       Ancestor Life: He |       |       |       |     1 ||     1
  Use: Scroll            |       |       |     2 |     9 ||    11
       Potion            |       |       |       |     1 ||     1
 Stab: Distracted        |       |       |     1 |     1 ||     2
       Confused          |       |       |       |     6 ||     6
  Eat: Chunk             |     1 |     7 |    24 |    49 ||    81
Armor: Scale mail        |    44 |   110 |    55 |       ||   209
       Plate armour      |       |       |   131 |   251 ||   382
Dodge: Dodged            |    26 |    75 |    67 |    88 ||   256
Block: Shield            |    52 |   123 |   166 |   310 ||   651
